 Dungeon Crawl Stone Soup version bcrawl-1.22 (webtiles) character file.

Game seed: 13807385364167147304

70 funkygono the Ducker (level 4, -1/31 HPs)
             Began as a Fairy Fighter on May 13, 2020.
             Killed by divine providence
             ... invoked by an orc priest
              (11 damage)
             ... on level 3 of the Dungeon.
             The game lasted 00:03:30 (1732 turns).

funkygono the Ducker (Fairy Fighter)                Turns: 1732, Time: 00:03:30

Health: -1/31      AC:  4    Str: 14    XL:     4   Next: 22%
Magic:  6/6        EV: 15    Int: 13    God:
Gold:   188        SH: 15    Dex: 11    Spells: 3/3 levels left

rFire    . . .     SeeInvis .   a - +1 rapier
rCold    . . .     Gourm    .   n - +2 medium shield
rNeg     . . .     Faith    .   (armour unavailable)
rPois    .         Spirit   .   (no helmet)
rElec    .         Reflect  .   (no cloak)
rCorr    .         Harm     .   (no gloves)
MR       .....     Rnd*Tele +   (no boots)
Stlth    ..........             (no amulet)
HPRegen  0.10/turn              j - ring of teleportation (curse)
MPRegen  0.10/turn              (no ring)

@: flying evasively
A: small, magic attunement, unstealthy, unfitting armour, able to fly, AC/SH +4
a: Stop Flying


You were on level 3 of the Dungeon.
You were not hungry.

You visited 1 branch of the dungeon, and saw 3 of its levels.

You collected 188 gold pieces.

Inventory:

Hand Weapons
 a - a +1 rapier (weapon)
Missiles
 k - 160 stones (quivered)
Armour
 n - a +2 medium shield (worn)
Jewellery
 j - a cursed ring of teleportation (left hand)
Potions
 c - a potion of might
 f - a potion of haste
 g - 2 potions of heal wounds
 i - a potion of brilliance {unknown}
 o - a potion of degeneration {unknown}
Comestibles
 b - a chunk of flesh
 e - 4 rations {!d}


   Skills:
 + Level 3.1 Fighting
 + Level 2.9 Short Blades
 + Level 4.5 Dodging
 + Level 4.4 Shields


You had 3 spell levels left.
You didn't know any spells.
Your spell library was empty.

Dungeon Overview and Level Annotations

Branches:
Dungeon (3/12)

Altars:
Okawaru


Innate Abilities, Weirdness & Mutations

Your spells do not cause hunger and MP costs are reduced by 1.
Your bright wings attract enemies. (Stealth-)
You cannot fit into any form of body armour.
Your shimmering scales are hard and can block incoming attacks. (AC +4, SH +4)
You are small and have problems with some larger weapons.
You can fly continuously.


Message History

The orc shouts!
You block the orc priest's attack.
The orc moves out of view.
An orc wizard comes into view. It is wielding a +0 dagger.
You closely miss the orc priest.
The orc wizard shouts!
You block the orc priest's attack.
You closely miss the orc priest.
The orc priest mumbles some strange prayers to Beogh against you.
Beogh smites you!
The orc hits you from afar with a +0 trident.
You hit the orc priest.
The orc priest is lightly wounded.
You block the orc's attack.
You hit the orc priest.
The orc priest is heavily wounded.
The orc priest hits you with a +0 dagger.
You block the orc's attack.
The orc priest calls down the wrath of Beogh upon you.
Beogh smites you!
You die...

#.# #o# #.# #o#
#o# #o# #o#
####@# #....#
#.#### ...####.#
.......รท########
................
...####.........
## #.######## #.#


You could see an orc priest, an orc wizard and 3 orcs.

Vanquished Creatures
  An adder (D:2)
  4 worms
  2 dart slugs (D:2)
  6 leopard geckos (D:2)
  2 giant cockroaches
  4 goblins (D:1)
  3 hobgoblins (D:2)
  7 kobolds
  A quokka (D:2)
  A ball python (D:2)
  5 bats
  4 rats
40 creatures vanquished.

Notes
Turn   | Place    | Note
-------+----------+-------------------------------------------
     0 | D:1      | funkygono the Fairy Fighter began the quest for the Orb.
     0 | D:1      | Reached XP level 1. HP: 15/15 MP: 3/3
   272 | D:1      | Reached XP level 2. HP: 16/20 MP: 4/4
   718 | D:2      | Found an iron altar of Okawaru.
   828 | D:2      | Reached XP level 3. HP: 19/26 MP: 5/5
  1444 | D:2      | Reached XP level 4. HP: 29/31 MP: 6/6
  1732 | D:3      | Killed from afar by an orc priest

Skill      XL: |  1  2 |
---------------+-------+-----
Shields        | 4 |  4.4
Fighting       | 3 |  3.1
Short Blades   | |  2.9
Dodging        | |  4.5

Action                   |  1- 3 |  4- 6 || total
-------------------------+-------+-------++-------
Melee: Rapier            |   139 |    22 ||   161
  Use: Scroll            |     2 |     4 ||     6
  Eat: Chunk             |     2 |     1 ||     3
Armor: Skin              |     9 |     1 ||    10
Dodge: Dodged            |    47 |    12 ||    59
Block: Medium shield     |    83 |    22 ||   105
